Selects Australian Defense Battlegroup
Construct Section Command Post
Selects Australian Light Infantry Section
Australian Light Infantry Section
Construct Platoon Command Post
Unlock M3 Stuart Light Tanks
Australian Light Infantry Section
Australian Light Infantry Section
Selects CMP 15cwt Supply Run
Selects Artillery Trip Wire Flares
Selects CMP 15cwt Supply Run
Selects Reinforced Resource Caches
Selects 2-pounder Anti-tank Gun Team
Selects Defensive Tactics
Selects Charged Creeping Barrage
Construct Company Command Post
Selects Vehicle Over Repair
Unlock M3 Grant Medium Tanks